 Dungeon Crawl Stone Soup version 0.19.0-22-gd96e5fe (webtiles) character file.

1397 RKaid the Cleaver (level 8, 0/64 HPs)
             Began as a Minotaur Berserker on Nov 19, 2016.
             Was an Elder of Trog.
             Slain by an orc wizard
             ... wielding a +0 dagger
              (2 damage)
             ... on level 6 of the Dungeon.
             The game lasted 00:07:28 (5281 turns).

RKaid the Cleaver (Minotaur Berserker)              Turns: 5281, Time: 00:07:29

Health: 0/64       AC:  3    Str: 24    XL:     8   Next: 41%
Magic:  7/7        EV: 12    Int:  4    God:    Trog [****..]
Gold:   273        SH:  0    Dex: 10    Spells: 0 memorised, 7 levels left

rFire  . . .     SeeInvis .     u - +0 war axe
rCold  . . .     Gourm    .     b - +1 animal skin
rNeg   . . .     Faith    .     (no shield)
rPois  .         Spirit   .     (helmet restricted)
rElec  .         Reflect  .     (no cloak)
rCorr  .         Harm     .     (no gloves)
MR     .....                    (no boots)
Stlth  +.........               (no amulet)
                                (no ring)
                                (no ring)

@: exhausted, slowed, very slow
A: retaliatory headbutt, horns 2
a: Berserk, Trog's Hand, Brothers in Arms, Burn Spellbooks, Renounce Religion


You were on level 6 of the Dungeon.
You worshipped Trog.
Trog was greatly pleased with you.
You were very hungry.

You visited 1 branch of the dungeon, and saw 6 of its levels.

You collected 273 gold pieces.

Inventory:

Hand Weapons
 u - a +0 war axe (weapon)
   (You took it off an orc on level 4 of the Dungeon)
Armour
 b - a +1 animal skin (worn)
 n - the +1 leather armour of Instinct {MR+ MP+9, unknown}
   (You found it on level 5 of the Dungeon)

   It affects your resistance to hostile enchantments.
   It affects your magic capacity (+9).
Rods
 g - a +1 rod of inaccuracy (13/13)
   (You found it on level 6 of the Dungeon)
Wands
 y - a wand of acid (11/15)
   (You took it off Pikel on level 4 of the Dungeon)
Scrolls
 a - a scroll of teleportation {unknown}
 d - 3 scrolls of enchant armour
 e - a scroll of immolation {!r}
 f - a scroll of enchant weapon {unknown}
 h - 2 scrolls of identify
 k - a scroll of magic mapping {!r}
 l - a scroll of remove curse
Potions
 i - a potion of lignification {unknown}
 m - 2 potions of resistance
 o - a potion of haste {unknown}
 p - a potion of curing
 r - a potion of ambrosia
 s - 2 potions of brilliance
 t - a potion of degeneration {unknown}
 v - a potion of cure mutation {unknown}
 w - 3 potions of agility
 x - a potion of might {unknown}
 z - 2 potions of berserk rage {!q}
 A - a potion of cancellation
 B - 2 potions of magic
 G - a potion of mutation {!q}
Comestibles
 c - 3 bread rations
 j - 4 meat rations
 q - 6 chunks of flesh
 E - a slice of pizza


   Skills:
 - Level 3.6 Fighting
 + Level 12.5 Axes
 - Level 2.4 Armour
 - Level 2.1 Dodging


You had 7 spell levels left.
You didn't know any spells.

Dungeon Overview and Level Annotations

Branches:
Dungeon (6/15)             Temple (0/1) D:5

Altars:
Fedhas
Okawaru
Ru
Vehumet
Xom
Yredelemnul


Innate Abilities, Weirdness & Mutations

You reflexively headbutt those who attack you in melee.
You have a pair of horns on your head.


Message History

The orc wizard mumbles some strange words.
The orc wizard blinks!
The orc warrior hits you with a flail!!
The orc shouts!
The orc wizard points at you and mumbles some strange words.
The magic dart hits you!
The orc wizard mumbles some strange words.
The orc wizard seems to speed up.
You are too injured to fight recklessly!
You are too injured to fight recklessly!
You are too injured to fight recklessly!
You are too injured to fight recklessly!
You are too injured to fight recklessly!
You are too injured to fight recklessly!
You slash the orc priest!
You kill the orc priest!
Trog accepts your kill.
You barely miss the adder. The adder misses you. You furiously retaliate!
You headbutt the adder!
You kill the adder!
Trog accepts your kill.
You slash the orc warrior! Your headbutt misses the orc warrior.
You slash the orc warrior! You slash the orc priest! You slash the orc wizard!
The orc wizard casts a spell.
The orc wizard blinks!
The orc warrior hits you with a flail.
* * * LOW HITPOINT WARNING * * *
The orc wizard gestures at you while chanting.
You resist with some effort.
You slash the orc warrior!
You kill the orc warrior!
Trog accepts your kill.
You closely miss the orc wizard. You hit the orc priest.
The orc priest closely misses you.
Unknown command.
You closely miss the orc wizard. You slash the orc priest!
You feel the power of Trog in you as your rage grows.
You kill the orc priest!
Trog accepts your kill.
The orc wizard hits you with a dagger of speed.
* * * LOW HITPOINT WARNING * * *
The orc throws a stone.
The stone hits you but does no damage. The orc wizard casts a spell at you.
The magic dart hits you!
* * * LOW HITPOINT WARNING * * *
You see here an adder corpse.
You closely miss the orc wizard. You headbutt the orc wizard.
You kill the orc wizard!
Trog accepts your kill.
Trog appreciates your killing of a magic user.
You can now call in reinforcements.
The orc throws a stone.
The stone hits you but does no damage.
Items here: $ ( ) [ a stone; a dagger of speed; a robe; 10 gold pieces You feel a strong urge to attack something.
You are no longer berserk.
You are exhausted.
You feel yourself slow down.
You see here an adder corpse.
The orc wizard closely misses you.
You closely miss the orc wizard.
The orc throws a stone.
The stone barely misses you. The orc wizard hits you with a dagger.
* * * LOW HITPOINT WARNING * * *
The orc throws a stone.
The stone barely misses you.
The orc wizard hits you but does no damage. x2
The orc closely misses you.
You slash the orc!
You kill the orc!
Trog accepts your kill.
You barely miss the orc wizard.
The orc wizard mumbles some strange words.
The orc wizard blinks!
The orc wizard casts a spell at you. The magic dart hits you!
* * * LOW HITPOINT WARNING * * *
You hit the orc wizard but do no damage.
The orc wizard gestures wildly while chanting.
The orc wizard blinks!
Items here: ! ( ) ? a mace; 9 stones; a potion of brilliance; 3 scrolls labeled MIONOT CUTHO It was a potion of curing.
You feel better.
The orc wizard casts a spell.
You hit the orc wizard. The orc wizard barely misses you.
The orc wizard casts a spell.
The orc wizard blinks!
The orc wizard casts a spell.
The orc wizard blinks!
The orc wizard gestures at you while chanting.
The magic dart hits you!
* * * LOW HITPOINT WARNING * * *
You barely miss the orc wizard. Your headbutt misses the orc wizard.
The orc wizard casts a spell at you. The magic dart hits you!
* * * LOW HITPOINT WARNING * * *
The orc wizard hits you but does no damage.
You barely miss the orc wizard.
You headbutt the orc wizard, but do no damage.
The orc wizard hits you but does no damage.
The orc wizard completely misses you.
You barely miss the orc wizard. Your headbutt misses the orc wizard.
The orc wizard hits you with a dagger.
You die...

..o....<....#............######
/.....#.#####.#.####..##.#≈≈.≈≈
...## ... #.#.# ##.##..##### .
##.### #.#(#####..####≈≈≈. #.#
#.#.#.)........#.####
#.###.#.#)######..##≈##..
#.......(.#.....#.##≈#≈##
......#.#†#.###>#.##.##≈≈
......o@...# #.#.##≈####
.....#.#.#####.#.###≈≈≈≈
######.#)......#.# #####
#............#.#
#............#..
..............##.
..............# ..............#
...#####'######


You could see an orc wizard.

Vanquished Creatures
  Pikel (D:4)
  2 orc warriors (D:6)
  3 slaves (D:4)
  An ogre (D:5)
  Blork the orc (D:4)
  A scorpion (D:6)
  A crimson imp (D:6)
  A quasit (D:6)
  5 orc priests
  2 orc wizards
  An iguana (D:6)
  4 worker ants
  5 adders
  A river rat (D:6)
  A shadow imp (D:5)
  4 worms
  4 dart slugs
  4 leopard geckos
  11 orcs
  8 bats
  12 giant cockroaches
  5 goblins
  10 hobgoblins
  8 jackals
  8 kobolds
  A quokka (D:4)
  2 ball pythons (D:2)
  2 frilled lizards
  A giant cockroach zombie (D:5)
  2 gnoll zombies (D:2)
  6 rats
118 creatures vanquished.

Notes
Turn   | Place    | Note
-------+----------+-------------------------------------------
     0 | D:1      | RKaid the Minotaur Berserker began the quest for the Orb.
     0 | D:1      | Reached XP level 1. HP: 19/19 MP: 0/0
    73 | D:1      | Reached skill level 4 in Axes
   119 | D:1      | Reached XP level 2. HP: 21/26 MP: 1/1
   966 | D:1      | Reached skill level 5 in Axes
   981 | D:1      | Reached XP level 3. HP: 27/31 MP: 2/2
  1035 | D:1      | Reached ** piety under Trog
  1584 | D:2      | Reached XP level 4. HP: 39/39 MP: 3/3
  1740 | D:2      | Reached skill level 6 in Axes
  1742 | D:2      | Found a basalt altar of Yredelemnul.
  1811 | D:3      | Found a blossoming altar of Fedhas.
  2052 | D:3      | Found a radiant altar of Vehumet.
  2467 | D:4      | Found an iron altar of Okawaru.
  2531 | D:4      | Reached skill level 7 in Axes
  2531 | D:4      | Reached XP level 5. HP: 29/45 MP: 4/4
  2545 | D:4      | HP: 11/45 [orc wizard/magic dart (9)]
  2547 | D:4      | HP: 5/45 [orc wizard/dagger (3)]
  2548 | D:4      | HP: 1/45 [orc wizard/dagger (4)]
  2548 | D:4      | Reached *** piety under Trog
  3055 | D:4      | Noticed Blork the orc
  3060 | D:4      | Killed Blork the orc
  3060 | D:4      | Reached skill level 8 in Axes
  3060 | D:4      | Reached XP level 6. HP: 51/51 MP: 5/5
  3798 | D:4      | Noticed a slave
  3799 | D:4      | Noticed a slave
  3802 | D:4      | Noticed a slave
  3804 | D:4      | Noticed Pikel
  3805 | D:4      | Killed a slave
  3807 | D:4      | Killed a slave
  3810 | D:4      | Noticed a slave
  3811 | D:4      | Killed a slave
  3816 | D:4      | Killed Pikel
  3816 | D:4      | Reached skill level 10 in Axes
  3816 | D:4      | Reached XP level 7. HP: 57/57 MP: 6/6
  3997 | D:5      | Entered Level 5 of the Dungeon
  4110 | D:5      | Found a staircase to the Ecumenical Temple.
  4211 | D:5      | Found a sacrificial altar of Ru.
  4252 | D:5      | Found a shimmering altar of Xom.
  4421 | D:5      | Reached skill level 11 in Axes
  4500 | D:5      | Got a translucent leather armour
  4816 | D:6      | Reached XP level 8. HP: 53/64 MP: 7/7
  5185 | D:6      | Found a glowing drain.
  5251 | D:6      | Reached skill level 12 in Axes
  5263 | D:6      | HP: 24/96 [orc wizard/dagger of speed (2)]
  5265 | D:6      | Reached **** piety under Trog
  5269 | D:6      | HP: 10/64 [orc wizard/dagger (2)]
  5271 | D:6      | HP: 4/64 [orc wizard/magic dart (7)]
  5278 | D:6      | HP: 10/64 [orc wizard/magic dart (6)]
  5279 | D:6      | HP: 1/64 [orc wizard/magic dart (9)]
  5281 | D:6      | Slain by an orc wizard

Skill      XL: |  1  2  3  4  5  6  7  8 |
---------------+-------------------------+-----
Axes           | 4 5 7 8 10 11 12 | 12.5
Fighting       | |  3.6
Armour         | |  2.4
Dodging        | |  2.1

Action                   |  1- 3 |  4- 6 |  7- 9 || total
-------------------------+-------+-------+-------++-------
Melee: Hand axe          |    92 |   103 |    10 ||   205
       Headbutt          |    14 |    23 |    16 ||    53
       War axe           |       |       |    83 ||    83
Invok: Berserk           |     2 |     3 |     2 ||     7
       Burn Spellbooks   |       |       |     1 ||     1
  Use: Scroll            |       |       |    17 ||    17
       Potion            |       |       |     1 ||     1
 Stab: Sleeping          |       |     1 |     1 ||     2
  Eat: Chunk             |     4 |     9 |     4 ||    17
       Fruit             |       |       |     1 ||     1
       Beef jerky        |       |       |     1 ||     1
Armor: Animal skin       |    28 |    14 |    12 ||    54
Dodge: Dodged            |    72 |    46 |    52 ||   170

Vault maps used:
D:1:      roderic_octagonal_star, serial_bayou_pond_b, minmay_misc_feat_doors
D:2:      lemuel_zombie_altar_yredelemnul, wad_floor_pattern_untrapped,
          kennysheep_potato
D:3:      old_standard_altar, marbit_many_paths
D:4:      lemuel_crystal_altar, first_bread, serial_co_window_serial,
          co_window_paths_b, co_window_corner_a, co_window_paths_a,
          co_window_of_opportunity_a, co_window_paths_a, co_window_2corner,
          co_window_corner_b, co_window_broadway_b, co_window_of_opportunity_b,
          co_window_sun, co_window_4corner_b, glass_columns_a, glass_columns_a,
          uniq_blork_the_orc, uniq_pikel
D:5:      lemuel_doored_altar, nicolae_ru_awakened_eye, uniq_crazy_yiuf_cottage
D:6:      gup_sewer_entry_spiral, minmay_misc_feat_diagonals

Table legend:
 A = Turns spent in this place as a percentage of turns spent in the entire game.
 B = Non-inter-level travel turns spent in this place as a percentage of non-inter-level travel turns spent in the entire game.
 C = Inter-level travel turns spent in this place as a percentage of turns spent in this place.
 D = Turns resting spent in this place as a percentage of non-inter-level travel turns spent in this place.
 E = Turns spent auto-exploring this place as a percentage of non-inter-level travel turns spent in this place.
 F = Non-inter-level travel turns spent in this place divided by the number of levels of this place that you've seen.
                   A       B       C       D       E      F
               +-------+-------+-------+-------+-------+----------------------
         Total | 100.0 | 100.0 |   0.4 |   3.6 |  12.3 | 187.7
       Dungeon | 100.0 | 100.0 |   0.4 |   3.6 |  12.3 | 187.7
               +-------+-------+-------+-------+-------+----------------------

Table legend:
 A = Kills in this place as a percentage of kills in entire the game.
 B = Kills by you in this place as a percentage of kills by you in the entire game.
 C = Kills by friends in this place as a percentage of kills by friends in the entire game.
 D = Other kills in this place as a percentage of other kills in the entire game.
 E = Experience gained in this place as a percentage of experience gained in the entire game.
 F = Experience gained in this place divided by the number of levels of this place that you have seen.
                   A       B       C       D       E      F
               +-------+-------+-------+-------+-------+----------------------
         Total | 100.0 | 100.0 |  -nan |  -nan | 100.0 | 332.7
       Dungeon | 100.0 | 100.0 |  -nan |  -nan | 100.0 | 332.7
               +-------+-------+-------+-------+-------+----------------------
